 Dungeon Crawl Stone Soup version 0.24-a0-244-ga6a6ab7 (webtiles) character file.

Game seed: 17818856671578413199

215 xeno23 the Sneak (level 5, 0/36 HPs)
             Began as an Octopode Assassin on Apr 10, 2019.
             Succumbed to Sigmund's poison
             ... on level 3 of the Dungeon.
             The game lasted 00:02:53 (1439 turns).

xeno23 the Sneak (Octopode Assassin)                Turns: 1439, Time: 00:02:54

Health: 0/36       AC:  1    Str: 10    XL:     5   Next: 92%
Magic:  5/5        EV: 13    Int: 13    God:
Gold:   150        SH:  0    Dex: 15    Spells: 4/4 levels left

rFire    . . .     SeeInvis .   a - +2 dagger
rCold    . . .     Gourm    .   (no shield)
rNeg     . . .     Faith    .   (helmet restricted)
rPois    .         Spirit   .   k - amulet of the acrobat (curse)
rElec    .         Reflect  .   (no ring)
rCorr    .         Harm     .   (no ring)
MR       .....                  (no ring)
Stlth    ++++......             (no ring)
HPRegen  0.12/turn              (no ring)
MPRegen  0.09/turn              (no ring)
                                (no ring)
                                (no ring)

@: lethally poisoned (0 -> -18), hasted, very quick
A: almost no armour, stealthy swim, amphibious, 8 rings, constrict 8, camouflage
1, gelatinous body 1
a: no special abilities


You were on level 3 of the Dungeon.
You were hungry.

You visited 1 branch of the dungeon, and saw 3 of its levels.

You collected 150 gold pieces.

Inventory:

Hand Weapons
 a - a +2 dagger (weapon)
 b - a +0 blowgun
Missiles
 c - 24 poisoned needles
 d - 2 curare-tipped needles
Jewellery
 k - a cursed amulet of the acrobat (around mantle)
Scrolls
 e - a scroll of amnesia {unknown}
 l - 2 scrolls of remove curse {unknown}
 m - a scroll of magic mapping {unknown}
 n - 2 scrolls of identify {unknown}
 o - a scroll of teleportation {unknown}
Potions
 h - a potion of magic {unknown}
 i - a potion of curing {unknown}
 j - a potion of agility {unknown}
Comestibles
 f - 4 rations


   Skills:
 + Level 3.3 Fighting
 * Level 4.4 Short Blades
 - Level 2.0 Throwing
 - Level 1.0 Dodging
 + Level 6.6 Stealth


You had 4 spell levels left.
You didn't know any spells.
Your spell library was empty.

Dungeon Overview and Level Annotations

Branches:
Dungeon (3/15)

Altars:
The Shining One


Innate Abilities, Weirdness & Mutations

You cannot wear most types of armour.
You are very stealthy in the water. (Stealth+)
You are amphibious.
You can wear up to eight rings at the same time.
You can use your tentacles to constrict eight enemies at once.
Your skin changes colour to match your surroundings (Stealth+).
Your rubbery body absorbs attacks. (AC +1, EV +1)


Message History

You barely miss Sigmund. Your grab misses Sigmund.
Sigmund is severely wounded.
You barely miss Sigmund. You grab Sigmund.
Sigmund is severely wounded.
You constrict Sigmund.
Sigmund hits you with a +1 scythe of venom!
* * * LOW HITPOINT WARNING * * *
You are more poisoned.
You take 14 damage.
You hit Sigmund. You squeeze Sigmund.
You kill Sigmund!
Your Fighting skill increases to level 3!
Your Short Blades skill increases to level 4!
Your Stealth skill increases to level 6!
You have reached level 5!
You feel agile.
* * * LOW HITPOINT WARNING * * *
You feel sick.
It was a potion of haste.
You feel yourself speed up.
You die...

... #.# #.# #.# #.#
#.# ##+## #.#
##...## #<####
##.....## #.##.##
##.....@)##
#.#...####.........#
#........'.........+
#.#...####.........#
#.##.## ##.......##
#.#### ##.....## .<.
##...## ... .>....
... .##.##.


There were no monsters in sight!

Vanquished Creatures
  Sigmund (D:3)
  An adder (D:2)
  An ooze (D:1)
  2 worms (D:2)
  2 dart slugs
  A leopard gecko (D:2)
  A giant cockroach (D:1)
  10 goblins
  2 hobgoblins
  3 kobolds (D:1)
  A ball python (D:1)
  5 bats
  4 frilled lizards
  7 rats
41 creatures vanquished.

Notes
Turn   | Place    | Note
-------+----------+-------------------------------------------
     0 | D:1      | xeno23 the Octopode Assassin began the quest for the Orb.
     0 | D:1      | Reached XP level 1. HP: 14/14 MP: 1/1
   119 | D:1      | Reached XP level 2. HP: 18/19 MP: 2/2
   361 | D:1      | Reached XP level 3. HP: 24/25 MP: 3/3
  1297 | D:2      | Found a glowing golden altar of the Shining One.
  1320 | D:2      | Reached XP level 4. HP: 30/30 MP: 4/4
  1418 | D:3      | Noticed Sigmund
  1438 | D:3      | Killed Sigmund
  1438 | D:3      | Reached skill level 6 in Stealth
  1438 | D:3      | Reached XP level 5. HP: 3/36 MP: 5/5
  1439 | D:3      | Succumbed to Sigmund's poison

Levels and vault maps discovered:
D:1:      elethiomel_arrival_shortcut, layout_basic, nrook_mini_backslash
D:2:      layout_basic, nicolae_overflow_crystal_walls
D:3:      layout_loops_corners, kennysheep_slug_shrine, uniq_ijyb, uniq_terence,
          uniq_sigmund, uniq_natasha

Skill      XL: |  1  2  3  4 |
---------------+-------------+-----
Short Blades   | 3 4 |  4.4
Fighting       | 3 |  3.3
Stealth        | 6 |  6.6
Throwing       | |  2.0
Dodging        | |  1.0

Action                   |  1- 3 |  4- 6 || total
-------------------------+-------+-------++-------
Melee: Dagger            |    65 |     9 ||    74
       Constrict         |    14 |     2 ||    16
       Tentacles         |    14 |     3 ||    17
  Use: Potion            |       |     1 ||     1
 Stab: Sleeping          |    23 |       ||    23
  Eat: Chunk             |       |     1 ||     1
Armor: Skin              |     3 |       ||     3
Dodge: Dodged            |    17 |     5 ||    22

Table legend:
 A = Non-vault XP
 B = Vault XP
 C = Vault XP percentage of total XP
 D = Non-vault monster count
 E = Vault monster count
 F = Vault count percentage of total count
                 A         B        C        D         E       F
            +---------+---------+-------+---------+---------+-------
      Total |      85 |     223 |  72.4 |      40 |       1 |   2.4
            +---------+---------+-------+---------+---------+-------
        D:1 |      38 |       0 |   0.0 |      24 |       0 |   0.0
        D:2 |      47 |       0 |   0.0 |      16 |       0 |   0.0
        D:3 |       0 |     223 | 100.0 |       0 |       1 | 100.0
            +---------+---------+-------+---------+---------+-------
